 Dungeon Crawl Stone Soup version 0.29-a0-732-g3d7fbe0af2 (webtiles) character file.

Game seed: 10241114901394054343

371 blackman the Cleaver (level 6, -3/53 HPs)
             Began as a Hill Orc Monk on June 29, 2022.
             Slain by a wyvern skeleton (5 damage)
             ... on level 3 of the Dungeon.
             The game lasted 00:08:15 (4198 turns).

blackman the Cleaver (Hill Orc Monk)                Turns: 4198, Time: 00:08:16

Health: -3/53      AC:  3    Str: 16    XL:     6   Next: 71%
Magic:  6/6        EV: 12    Int: 10    God:
Gold:   206        SH:  0    Dex: 13    Spells: 5/5 levels left

rFire   . . .      SeeInvis .   h - +0 war axe
rCold   . . .      Faith    .   (no shield)
rNeg    . . .      Spirit   .   b - +0 robe
rPois   .          Reflect  .   l - +0 helmet
rElec   .          Harm     .   (no cloak)
rCorr   .          Rampage  .   (no gloves)
Will    .....                   (no boots)
Stlth   +.........              (no amulet)
HPRegen 0.17/turn               (no ring)
MPRegen 0.10/turn               (no ring)

@: confused, ambrosia-drunk
A: no striking features
a: no special abilities


You were on level 3 of the Dungeon.
You visited 1 branch of the dungeon, and saw 3 of its levels.

You collected 206 gold pieces.

Inventory:

Hand Weapons
 a - a +0 hand axe
 h - a +0 war axe (weapon)
Armour
 b - a +0 robe (worn)
 l - a +0 helmet (worn)
Scrolls
 d - 2 scrolls of vulnerability {unknown}
 f - 4 scrolls of poison {unknown}
 j - a scroll of identify {unknown}
 m - a scroll of immolation {unknown}
Potions
 e - a potion of mutation {unknown}
 g - a potion of degeneration {unknown}
 i - a potion of heal wounds {unknown}
 k - 2 potions of curing {unknown}
 n - a potion of brilliance {unknown}
 o - a potion of invisibility {unknown}


   Skills:
 - Level 4.3 Fighting
 + Level 8.3 Axes
 - Level 3.0 Dodging
 - Level 2.3 Stealth


You had 5 spell levels left.
You didn't know any spells.
Your spell library was empty.

Dungeon Overview and Level Annotations

Branches:
Dungeon (3/15)

Altars:
Xom


Message History

You hit the bullfrog zombie.
The bullfrog zombie is almost destroyed.
You slash the centaur skeleton!
You hit the wyvern skeleton but do no damage.
The wyvern skeleton barely misses you. The bullfrog zombie misses you.
The centaur skeleton closely misses you.
The centaur skeleton kicks you but does no damage.
The wyvern skeleton bites you. The bullfrog zombie misses you.
You hit the wyvern skeleton but do no damage.
You slash the centaur skeleton!
You destroy the centaur skeleton!
You hit the bullfrog zombie.
You destroy the bullfrog zombie!
The wyvern skeleton bites you.
Your Axes skill increases to level 8!
You barely miss the wyvern skeleton. The wyvern skeleton barely misses you.
The wyvern skeleton bites you but does no damage.
You barely miss the wyvern skeleton. The wyvern skeleton closely misses you.
You hit the wyvern skeleton. You punch the wyvern skeleton.
The wyvern skeleton is moderately damaged.
The wyvern skeleton closely misses you. The wyvern skeleton bites you.
You hit the wyvern skeleton but do no damage.
The wyvern skeleton is moderately damaged.
The wyvern skeleton closely misses you.
You slash the wyvern skeleton!
The wyvern skeleton is heavily damaged.
The wyvern skeleton barely misses you.
You hit the wyvern skeleton but do no damage.
The wyvern skeleton is heavily damaged.
The wyvern skeleton bites you!
* * * LOW HITPOINT WARNING * * *
The wyvern skeleton closely misses you.
You hit the wyvern skeleton but do no damage.
The wyvern skeleton is heavily damaged.
The wyvern skeleton bites you but does no damage.
You are confused.
You feel invigorated. The wyvern skeleton bites you.
* * * LOW HITPOINT WARNING * * *
The wyvern skeleton bites you.
You die...

.....#.....................###
..##.#.....................#
.###.....#############.....#
'######..#©..........#..##.#####
......#..#.........(.#..##.....#
<.....#..#..###.###..#..######.#
......#..#..#8#.#8#..#.....###.#
......#..#...........#.........#
......#.©#[....Z@....#©....#####
......#..#!..........#.....#
......#..#..#8#.#8#..#..####
#######..#..###.###..#.÷...#
#..#Z.........(#..##.#
#..#...........#.....#
#..#############..####
#.................#
#.................#


You could see a wyvern skeleton.

Vanquished Creatures
  A phantom (D:3)
  The ghost of pigah the Gusty, an amateur OpAE (D:3)
  A bullfrog zombie (D:3)
  A centaur skeleton (D:3)
  6 gnolls (D:3)
  An adder (D:2)
  4 worms
  3 dart slugs (D:1)
  An orc (D:3)
  9 endoplasms
  4 giant cockroaches
  7 goblins
  9 hobgoblins
  3 jackals (D:1)
  7 kobolds
  A quokka (D:1)
  6 ball pythons
  8 bats
  2 frilled lizards
  6 rats
81 creatures vanquished.

Notes
Turn   | Place    | Note
-------+----------+-------------------------------------------
     0 | D:1      | blackman the Hill Orc Monk began the quest for the Orb.
     0 | D:1      | Reached XP level 1. HP: 19/19 MP: 1/1
   403 | D:1      | Reached XP level 2. HP: 26/27 MP: 2/2
   829 | D:1      | Reached XP level 3. HP: 31/33 MP: 3/3
  1357 | D:2      | Found a faded altar of an unknown god.
  2400 | D:2      | Reached XP level 4. HP: 40/40 MP: 4/4
  3165 | D:3      | Reached skill level 5 in Axes
  3182 | D:3      | Found a shimmering altar of Xom.
  3203 | D:3      | Reached XP level 5. HP: 19/47 MP: 5/5
  3589 | D:3      | Reached skill level 6 in Axes
  3878 | D:3      | Found a transporter.
  3878 | D:3      | Noticed a phantom
  3879 | D:3      | Noticed pigah's ghost (amateur OpAE)
  3915 | D:3      | Found a transporter.
  4057 | D:3      | Killed a phantom
  4058 | D:3      | Reached skill level 7 in Axes
  4058 | D:3      | Reached XP level 6. HP: 38/53 MP: 6/6
  4063 | D:3      | Killed pigah's ghost
  4191 | D:3      | Reached skill level 8 in Axes
  4196 | D:3      | HP: 2/53 [wyvern skeleton (15)]
  4198 | D:3      | Slain by a wyvern skeleton

Illustrated notes

Levels and vault maps discovered:
D:1:      psy_arrival_terrarium, layout_basic
D:2:      layout_rooms, ebering_ecumenical_altar_abandoned,
          minmay_misc_feat_doors, hangedman_decor_peaks_small,
          minmay_pentomino_pile
D:3:      layout_basic, mainiacjoe_overflow_small_starburst,
          gammafunk_ghost_mausoleum

Skill      XL: |  1  2  3  4  5  6 |
---------------+-------------------+-----
Stealth        | 2 |  2.3
Fighting       | 4 |  4.3
Dodging        | 3 |  3.0
Axes           | 5 7 8 |  8.3

Action                   |  1- 3 |  4- 6 || total
-------------------------+-------+-------++-------
Melee: Hand axe          |    78 |       ||    78
       Punch             |     2 |     2 ||     4
       War axe           |    47 |   119 ||   166
  Use: Potion            |       |     1 ||     1
 Stab: Sleeping          |     5 |     5 ||    10
Armor: Robe              |    16 |    30 ||    46
Dodge: Dodged            |    85 |    95 ||   180

Table legend: (Time is in decaauts)
 A = Elapsed time spent in this place.
 B = Non-inter-level travel time spent in this place.
 C = Inter-level travel time spent in this place.
 D = Time resting spent in this place.
 E = Time spent auto-exploring this place.
 F = Levels seen in this place.
 G = Mean time per level.
                   A        B        C        D        E       F      G
               +--------+--------+--------+--------+--------+-----+--------+
         Total |   4246 |   4132 |    114 |   1440 |   2058 |   3 | 1415.3 |
       Dungeon |   4246 |   4132 |    114 |   1440 |   2058 |   3 | 1415.3 |
               +--------+--------+--------+--------+--------+-----+--------+

Top non-repeatable levels by time:
     D:1: 2254 daAuts
     D:3: 1260 daAuts
     D:2: 732 daAuts
